 Dungeon Crawl Stone Soup version 0.22-a0-247-gbddf880 (webtiles) character file.

3829 dududu the Cleaver (level 9, 0/85 HPs)
             Began as a Deep Dwarf Fighter on Feb 23, 2018.
             Was a Priest of Makhleb.
             Slain by a two-headed ogre
             ... wielding a +0 giant club
              (6 damage)
             ... on level 8 of the Dungeon.
             The game lasted 00:25:02 (3819 turns).

dududu the Cleaver (Deep Dwarf Fighter)             Turns: 3819, Time: 00:25:02

Health: 0/85       AC: 21    Str: 24    XL:     9   Next: 97%
Magic:  11/11      EV:  5    Int: 11    God:    Makhleb [***...]
Gold:   233        SH: 16    Dex: 14    Spells: 8/8 levels left

rFire    . . .     SeeInvis .   a - +1 war axe
rCold    . . .     Gourm    .   c - +0 shield
rNeg     . . .     Faith    .   w - +0 plate armour
rPois    .         Spirit   .   I - +0 helmet {Int+3}
rElec    .         Reflect  +   (no cloak)
rCorr    .         Harm     .   i - +0 pair of gloves
MR       +....                  q - +0 pair of boots
Stlth    ..........             t - +5 amulet of reflection
HPRegen  0.00/turn              K - +2 ring of dexterity
MPRegen  0.12/turn              d - +4 ring of protection

@: non-regenerating, drained
A: damage resistance, heal wounds, sense surroundings 2, no regeneration
a: Heal Wounds, Minor Destruction, Lesser Servant of Makhleb, Renounce Religion


You were on level 8 of the Dungeon.
You worshipped Makhleb.
Makhleb was most pleased with you.
You were not hungry.

You visited 2 branches of the dungeon, and saw 9 of its levels.
You also visited: Sewer.

You collected 323 gold pieces.
You spent 90 gold pieces at shops.

Inventory:

Hand Weapons
 a - a +1 war axe (weapon)
 b - a +0 blowgun
 y - a +2 whip of flaming
Missiles
 n - 9 tomahawks (quivered)
 u - 45 poisoned needles
Armour
 c - a +0 shield (worn)
 i - a +0 pair of gloves (worn)
 q - a +0 pair of boots (worn)
 w - a +0 plate armour (worn)
 I - a +0 helmet of intelligence (worn)
Jewellery
 d - a +4 ring of protection (right hand)
 j - an uncursed ring of flight
 k - an uncursed ring of fire
 t - a +5 amulet of reflection (around neck)
 D - an uncursed ring of magical power
 F - the ring of the Robin {EV+3 Str-5 Slay+2 Stlth+}
   (You took it off a centaur on level 7 of the Dungeon)

   [ring of evasion]

   It affects your evasion (+3).
   It affects your strength (-5).
   It affects your accuracy and damage with ranged weapons and melee attacks
   (+2).
   It makes you more stealthy.
 K - a +2 ring of dexterity (left hand)
Wands
 e - a wand of iceblast (9)
 l - a wand of random effects (14)
 v - a wand of paralysis (10)
 M - a wand of disintegration (16)
Scrolls
 h - 8 scrolls of teleportation
 m - 2 scrolls of immolation {unknown}
 o - 3 scrolls of blinking
 p - a scroll of enchant weapon
 s - a scroll of fog
 E - 2 scrolls of remove curse
 G - a scroll of enchant armour {unknown}
 J - a scroll of amnesia {unknown}
 L - a scroll of magic mapping {unknown}
Potions
 g - a potion of ambrosia
 r - 2 potions of invisibility
 x - 2 potions of might
 z - 4 potions of heal wounds {unknown}
 A - 2 potions of curing
 B - 4 potions of flight
 C - a potion of magic {unknown}
Miscellaneous
 H - a lightning rod (2/4)
Comestibles
 f - 14 rations


   Skills:
 + Level 6.6(6.3) Fighting
 * Level 9.3(8.9) Axes
 + Level 8.0(7.6) Armour
 + Level 8.0(7.7) Shields
 * Level 2.9(2.6) Invocations


You had 8 spell levels left.
You didn't know any spells.

Dungeon Overview and Level Annotations

Branches:
Dungeon (8/15)             Temple (1/1) D:5
   Lair: D:8-11

Altars:
Ashenzari
Cheibriados
Elyvilon
Fedhas
Gozag
Hepliaklqana
Makhleb
Nemelex Xobeh
Okawaru
Ru
Sif Muna
Wu Jian
Xom
Zin

Shops:
D:5 *

Annotations:
D:6 exclusion: upstairs


Innate Abilities, Weirdness & Mutations

You are resistant to damage.
You can heal yourself by infusing magical energy.
You passively map the area around you.
You do not regenerate.


Message History

You hit the two-headed ogre.
The two-headed ogre is moderately wounded.
You slash the ice beast! You hit the ogre but do no damage.
You closely miss the adder zombie. You block the ice beast's attack.
The adder zombie closely misses you.
The two-headed ogre hits you with a giant club! x2
The ogre hits you but does no damage.
You slash the two-headed ogre!
The two-headed ogre is heavily wounded.
Your plate armour prevents you from hitting the adder zombie.
Your shield prevents you from hitting the ogre.
You barely miss the ice beast. You block the adder zombie's attack.
The ice beast hits you. The ice beast freezes you!
The two-headed ogre hits you with a giant club. x2
The ice beast hits you but does no damage.
You block the adder zombie's attack. The ogre hits you with a giant club!!
* * * LOW HITPOINT WARNING * * *
A demon appears!
The two-headed ogre hits you with a giant club!
You die...

.........†)....#....#
########.).)...#....#
#...)...#....#
#.......#....#
#.......#....# ,
#.......#....# ,. ,,,
* #.......#....#... ,
,
,,............O......,
....######.@Y...... ,
, ..... #.ZOb.....,
,,..... #.3.....b. , ,
,!. #......... ,, * ,
,* #......... ,
#........#* **
#........# #........#
, * ** *


You could see a two-headed ogre, an ice beast, an ogre, an adder zombie and a
friendly smoke demon.

Vanquished Creatures
  A two-headed ogre (D:7)
  The ghost of ThereIsNoGod the Thaumaturge, a novice SpVM of Gozag (D:7)
  Sigmund (D:6)
  An orc warrior (D:6)
  2 ice beasts
  A sky beast (D:7)
  A centaur (D:7)
  4 ogres
  A phantom (D:7)
  An eye of draining (D:7)
  A big kobold (D:7)
  5 bullfrogs
  A gnoll sergeant (D:7)
  4 howler monkeys
  5 wights
  A bullfrog zombie (D:7)
  A centaur zombie (D:8)
  4 crimson imps
  3 hounds
  2 jellies
  2 orc priests (D:8)
  2 bullfrog skeletons
  An orc wizard (D:6)
  4 iguanas
  A killer bee zombie (D:7)
  2 hound skeletons
  A worker ant zombie (D:7)
  A howler monkey zombie (D:5)
  A howler monkey skeleton (D:7)
  A river rat (Sewer)
  9 adders
  2 shadow imps
  4 oozes
  An adder zombie (D:5)
  2 adder skeletons
  3 worms
  3 leopard geckos
  20 orcs
  6 ball pythons
  3 giant cockroaches
  2 hobgoblins (D:2)
  10 jackals
  8 kobolds
  2 quokkas
  2 bats (D:2)
  A frilled lizard (D:4)
  10 goblins
  A jackal skeleton (D:5)
  A quokka skeleton (D:4)
  6 rats
153 creatures vanquished.

Vanquished Creatures (others)
  A centaur (D:7)
  A kobold (Sewer)
2 creatures vanquished.

Grand Total: 155 creatures vanquished

Notes
Turn   | Place    | Note
-------+----------+-------------------------------------------
     0 | D:1      | dududu the Deep Dwarf Fighter began the quest for the Orb.
     0 | D:1      | Reached XP level 1. HP: 20/20 MP: 1/1
    29 | D:2      | Reached XP level 2. HP: 25/27 MP: 2/2
    92 | D:2      | Found an opulent altar of Gozag.
   120 | D:2      | Found a snail-covered altar of Cheibriados.
   132 | D:2      | Found a shattered altar of Ashenzari.
   179 | D:2      | Reached XP level 3. HP: 31/34 MP: 3/3
   264 | D:3      | Noticed an ogre
   276 | D:3      | Reached skill level 3 in Axes
   283 | D:3      | Killed an ogre
   283 | D:3      | Reached XP level 4. HP: 28/42 MP: 4/4
   283 | D:3      | Reached XP level 5. HP: 33/49 MP: 5/5
   468 | D:4      | Noticed an ogre
   473 | D:4      | Killed an ogre
   473 | D:4      | Reached skill level 4 in Axes
   473 | D:4      | Reached XP level 6. HP: 55/57 MP: 6/6
   734 | D:5      | Entered Level 5 of the Dungeon
   735 | D:5      | Found Jiuch's General Store.
   753 | D:5      | Reached skill level 5 in Shields
   762 | D:5      | Bought a scroll of blinking for 90 gold pieces
   780 | D:5      | Reached skill level 5 in Armour
  1046 | D:5      | Found a staircase to the Ecumenical Temple.
  1057 | Temple   | Entered the Ecumenical Temple
  1094 | Temple   | Became a worshipper of Makhleb the Destroyer
  1177 | D:5      | Found an iron altar of Okawaru.
  1180 | D:5      | Found a hazy altar of Hepliaklqana.
  1180 | D:5      | Found a sparkling altar of Nemelex Xobeh.
  1248 | D:5      | Reached XP level 7. HP: 31/64 MP: 7/7
  1476 | D:6      | Found an opulent altar of Gozag.
  1476 | D:6      | Found a glowing silver altar of Zin.
  1518 | D:6      | Reached skill level 5 in Axes
  1625 | D:6      | Found a glowing drain.
  1647 | Sewer    | Entered a sewer
  1663 | Sewer    | Reached * piety under Makhleb
  2090 | D:6      | Reached skill level 5 in Fighting
  2090 | D:6      | Reached XP level 8. HP: 63/74 MP: 8/8
  2202 | D:5      | Noticed a rust devil
  2202 | D:5      | Noticed a rust devil
  2226 | D:6      | Noticed Sigmund
  2228 | D:6      | Reached skill level 6 in Axes
  2240 | D:6      | Killed Sigmund
  2268 | D:6      | Reached ** piety under Makhleb
  2570 | D:7      | Noticed a two-headed ogre
  2579 | D:7      | Reached skill level 7 in Axes
  2595 | D:7      | Killed a two-headed ogre
  2595 | D:7      | Reached skill level 8 in Axes
  2595 | D:7      | Gained mutation: You passively map the area around you. [Deep Dwarf growth]
  2595 | D:7      | Reached XP level 9. HP: 33/82 MP: 9/9
  2609 | D:7      | Got a smoking iron ring
  2614 | D:7      | Identified the ring of the Robin {EV+3 Str-5 Slay+2 Stlth+} (You took it off a centaur on level 7 of the Dungeon)
  3261 | D:7      | Reached skill level 9 in Axes
  3453 | D:7      | Noticed ThereIsNoGod's ghost (novice SpVM)
  3456 | D:7      | Killed ThereIsNoGod's ghost
  3642 | D:8      | Reached *** piety under Makhleb
  3685 | D:8      | Found a shimmering altar of Xom.
  3727 | D:8      | Found an ornate altar of the Wu Jian Council.
  3802 | D:8      | Found a shimmering altar of Xom.
  3808 | D:8      | Noticed a two-headed ogre
  3819 | D:8      | Slain by a two-headed ogre

Vault maps used:
D:1:      lightli_arrival_boilingwater
D:2:      kennysheep_slug_shrine, evilmike_ruin_ashenzari,
          nicolae_gozag_seed_capital
D:3:      lemuel_coloured_pillars_altar, chequers_ecumenical_altar_island,
          minmay_ogre_servants
D:4:      lemuel_castle_with_subvaults, first_ration
D:5:      cheibrodos_iron_armory, grunt_temple_overflow_open,
          minmay_temple_entry_statues_fountains, serial_shops, shop,
          minmay_misc_feat_nine_boxes
D:6:      grunt_temple_overflow_gold_and_silver, cheibrodos_sewer_entry_drain,
          uniq_sigmund
D:7:      minmay_the_grid_octo_tiled_squarecenter
D:8:      xom_butterflies, old_standard_altar, basic_altar
Temple:   minmay_temple_curvy_loop
Sewer:    sewer_co_15_rooms

Skill      XL: |  1  2  3  4  5  6  7  8  9 |
---------------+----------------------------+-----
Fighting       | 3 4 5 6 |  6.6
Axes           | 3 4 5 8 9 |  9.3
Armour         | 4 5 6 7 8 |  8.0
Shields        | 4 5 6 7 8 |  8.0
Invocations    | 2 |  2.9

Action                   |  1- 3 |  4- 6 |  7- 9 || total
-------------------------+-------+-------+-------++-------
Melee: War axe           |    91 |    87 |   497 ||   675
Throw: Tomahawk          |       |     2 |       ||     2
Invok: Lesser Servant of |       |       |     1 ||     1
 Abil: Heal Wounds       |       |     2 |     1 ||     3
       Evoke Flight      |       |       |     1 ||     1
Evoke: Lightning rod     |       |       |     3 ||     3
  Use: Potion            |     1 |       |       ||     1
       Scroll            |       |     1 |     9 ||    10
  Eat: Chunk             |       |     2 |     9 ||    11
Armor: Scale mail        |    40 |    32 |    37 ||   109
       Plate armour      |       |       |   147 ||   147
Dodge: Dodged            |    28 |    34 |    61 ||   123
Block: Shield            |    49 |    26 |   371 ||   446
       Reflection        |       |       |    14 ||    14

Table legend:
 A = Spawn XP
 B = Non-spawn XP
 C = Spawn XP percentage of total XP
 D = Spawn monster count
 E = Non-spawn monster count
 F = Spawn count percentage of total count
 G = Total turns spent on level
                    A         B        C        D         E        F      G
               +---------+---------+-------+---------+---------+-------+---------
         Total |       0 |    5471 |   0.0 |       0 |     154 |   0.0 |  3819
               +---------+---------+-------+---------+---------+-------+---------
           D:1 |       0 |       2 |   0.0 |       0 |       1 |   0.0 |    26
           D:2 |       0 |      51 |   0.0 |       0 |      15 |   0.0 |   176
           D:3 |       0 |     156 |   0.0 |       0 |      15 |   0.0 |   102
           D:4 |       0 |     238 |   0.0 |       0 |       6 |   0.0 |   430
           D:5 |       0 |     475 |   0.0 |       0 |      22 |   0.0 |   621
           D:6 |       0 |    1149 |   0.0 |       0 |      29 |   0.0 |   761
           D:7 |       0 |    2916 |   0.0 |       0 |      31 |   0.0 |  1087
           D:8 |       0 |     386 |   0.0 |       0 |      14 |   0.0 |   191
         Sewer |       0 |      98 |   0.0 |       0 |      21 |   0.0 |   354
               +---------+---------+-------+---------+---------+-------+---------
